 Dungeon Crawl Stone Soup version 0.31.0-11-ge490571c62 (webtiles) character file.

Game seed: 5932867929545272549

77 browni3141 the Shield-Bearer (level 4, -7/40 (41) HPs)
             Began as a Minotaur Fighter on Jan 27, 2024.
             Mangled by a wight
             ... wielding a +0 long sword
              (8 damage)
             ... on level 3 of the Dungeon.
             The game lasted 00:00:36 (491 turns).

browni3141 the Shield-Bearer (Minotaur Fighter)      Turns: 491, Time: 00:00:36

HP:   -7/40 (41)    AC:  6    Str: 22    XL:     4   Next: 13%
MP:   3/3           EV:  7    Int:  5    God:
Gold: 78            SH: 12    Dex: 10    Spells: 3/3 levels left

rFire   . . .        a - +0 war axe
rCold   . . .        f - +0 tower shield
rNeg    . . .        b - +0 scale mail
rPois   .            (helmet restricted)
rElec   .            (no cloak)
rCorr   .            (no gloves)
SInv    .            (no boots)
Will    .....        (no amulet) Stlth
                     i - ring of flight
HPRegen 0.26/turn    (no ring)
MPRegen 0.08/turn

%: no passive effects
@: mighty, flying, lightly drained
A: horns 2, retaliatory headbutt
a: no special abilities


You were on level 3 of the Dungeon.
You visited 1 branch of the dungeon, and saw 3 of its levels.

You collected 78 gold pieces.

Inventory:

Hand Weapons
 a - a +0 war axe (weapon)
Armour
 b - a +0 scale mail (worn)
 c - a +0 buckler
 f - a +0 tower shield (worn)
Jewellery
 i - a ring of flight (left hand)
Scrolls
 e - a scroll of acquirement {unknown}
 h - 5 scrolls of identify {unknown}
 j - a scroll of amnesia {unknown}
 k - a scroll of vulnerability {unknown}
 l - a scroll of noise {unknown}
 o - a scroll of fog {unknown}
Potions
 g - a potion of mutation {unknown}
 m - a potion of lignification {unknown}
 n - a potion of ambrosia {unknown}
 p - a potion of enlightenment {unknown}


   Skills:
 + Level 4.3 Fighting
 + Level 3.3 Axes
 - Level 3.6 Armour
 * Level 5.0 Shields


You had 3 spell levels left.
You didn't know any spells.
Your spell library was empty.

Dungeon Overview and Level Annotations

Branches:
Dungeon (3/15)

Altars:
Dithmenos

Annotations:
D:3 3 runed translucent doors


Innate Abilities, Weirdness & Mutations

You have a pair of horns on your head.
You reflexively headbutt those who attack you in melee.


Message History

You block the frilled lizard's attack.
You closely miss the frilled lizard. You hit the kobold.
You kill the kobold!
The frilled lizard barely misses you.
You barely miss the hobgoblin. You closely miss the frilled lizard.
You block the frilled lizard's attack.
The hobgoblin hits you but does no damage.
The hobgoblin hits you.
The frilled lizard bites you but does no damage.
You miss the frilled lizard. You slash the hobgoblin!
You kill the hobgoblin!
The frilled lizard barely misses you.
The frilled lizard bites you but does no damage.
Your Fighting skill increases to level 4!
You closely miss the frilled lizard. You block the frilled lizard's attack.
You barely miss the frilled lizard. The frilled lizard bites you.
The frilled lizard bites you but does no damage.
You hit the frilled lizard.
You kill the frilled lizard!
Found a stone staircase leading down.
HP restored.
Found a shadowy altar of Dithmenos.
m - a fizzy sapphire potion You now have 78 gold pieces (gained 9).
Found an escape hatch in the ceiling.
No target in view!
No target in view!
There is a stone staircase leading down here.
You fly downwards.
There is a stone staircase leading up here.
n - a bubbling cyan potion A frilled lizard comes into view.
The frilled lizard hisses angrily.
A frilled lizard is nearby!
The frilled lizard barely misses you.
You hit the frilled lizard.
You kill the frilled lizard!
No target in view!
No target in view!
Key pressed, stopping explore.
h - 5 scrolls labelled LIL NILOTICK (gained 1)
o - a scroll labelled XAPHIW NEKAQ
Found a runed translucent gate.
A goblin comes into view. It is wielding a +0 dagger.
The goblin shouts!
A goblin is nearby!
A goblin is nearby!
A goblin is nearby!
You block the goblin's attack.
You slash the goblin!
You kill the goblin!
No target in view!
Things that are here:
a +0 dagger; a goblin corpse You reach down and open the door.
There is an open door here.
p - an emerald potion Key pressed, stopping explore.
Found a stone staircase leading down.
There is a stone staircase leading down here.
A wight comes into view.
It is wielding a +0 long sword. 3 wights come into view.
A wight is wielding a +1 long sword of freezing.
A wight comes into view. It is wielding a +0 trident.
You slash the wight!
The wight is severely damaged.
You block the wight's attack. The wight hits you but does no damage.
You feel very mighty all of a sudden.
You closely miss the wight. The wight barely misses you.
The wight hits you with a +1 long sword of freezing.
You feel drained. The wight freezes you.
You slash the wight! Your headbutt misses the wight.
The wight is severely damaged.
You block the wight's attack. x2
You slash the wight!
You destroy the wight!
The wight hits you from afar with a +0 trident.
You feel drained.
Your life force feels restored.
Your Axes skill increases to level 3!
Your Shields skill increases to level 5!
You have reached level 3!
Your experience leads to an increase in your attributes!
Increase (S)trength, (I)ntelligence, or (D)exterity?
You feel stronger. x2
You have reached level 4!
You feel agile.
You barely miss the wight.
The wight hits you from afar with a +0 trident.
You block the wight's attack. x3
You completely miss the wight.
The wight hits you from afar with a +0 trident!
The wight hits you with a +0 long sword!
You feel drained.
You are too injured to fight recklessly!
You are too injured to fight recklessly!
You are too injured to fight recklessly!
The wight attacks as it pursues you!
The wight hits you with a +0 long sword!
You die...

###..#####.. ##........
##### #....###.
#######...####.####
...............#
...........##..#####.##
...........##.........#
..........###...#####.#
......###z)z@....#
..... #####...## ....
##.## ##. #.# #. #.# #
#+#


You could see 2 wights.

Vanquished Creatures
  A wight (D:3)
  An adder (D:2)
  A dart slug (D:1)
  2 ball pythons (D:1)
  A giant cockroach (D:1)
  3 goblins
  A hobgoblin (D:2)
  2 bats (D:1)
  3 frilled lizards
  A kobold (D:2)
  A rat (D:1)
17 creatures vanquished.

Notes
Turn   | Place    | Note
-------+----------+-------------------------------------------
     0 | D:1      | browni3141 the Minotaur Fighter began the quest for the
                  | Orb.
     0 | D:1      | Reached XP level 1. HP: 19/19 MP: 0/0
    85 | D:1      | Reached skill level 4 in Shields
    85 | D:1      | Reached XP level 2. HP: 25/27 MP: 1/1
   291 | D:2      | Found a shadowy altar of Dithmenos.
   394 | D:3      | Found a runed translucent gate.
   402 | D:3      | Found a runed translucent gate.
   402 | D:3      | Found a runed translucent gate.
   477 | D:3      | Noticed a wight
   478 | D:3      | Noticed a wight
   478 | D:3      | Noticed a wight
   478 | D:3      | Noticed a wight
   479 | D:3      | Noticed a wight
   488 | D:3      | Killed a wight
   489 | D:3      | Reached skill level 5 in Shields
   489 | D:3      | Reached XP level 3. HP: 21/34 MP: 2/2
   489 | D:3      | Reached XP level 4. HP: 26/41 MP: 3/3
   490 | D:3      | HP: 1/40 [wight/+0 long sword (5)]
   491 | D:3      | Mangled by a wight

Illustrated notes

Levels and vault maps discovered:
D:1:      mainiacjoe_arrival_oval_in_oval, layout_rooms, minmay_pentomino_v4
D:2:      layout_basic, shapermc_ecumenical_altar_mp_highgroup, basic_altar,
          kennysheep_generic_room_15
D:3:      layout_loops_corners, serial_shops, shop, gammafunk_ghost_icy,
          uniq_robin

Skill      XL: |  1  2 |
---------------+-------+-----
Shields        | 4 5 |  5.0
Fighting       | 4 |  4.3
Axes           | 3 |  3.3
Armour         | |  3.6

Action                     |  1- 3 |  4- 6 || total
---------------------------+-------+-------++-------
  Melee: War axe           |    28 |     2 ||    30
         Headbutt          |     3 |       ||     3
    Use: Potion            |     1 |       ||     1
 Armour: Scale mail        |    20 |     4 ||    24
  Dodge: Dodged            |    10 |       ||    10
  Block: Tower shield      |    19 |     3 ||    22
